cohdb
Replays
Latest Replays
All Replays
Popular Replays
Top Player Replays
Match Explorer
How It Works
Community
CoH3 Stats
Reddit
Sign in to upload your games and track your stats! →
Sign in with Steam
Match 41879465
Unlisted
Match 41879465
Overview
Messages
Build Orders
End
Kettenkrad Recon Vehicle
Construct Infanterie Kompanie
Selects Terror Battlegroup
Selects Machine Gun Camouflage
Grenadier Squad
Grenadier Squad
GrW 34 Mortar Team
Medical Bunker
Construct Panzergrenadier Kompanie
Panzergrenadier Squad
Pak 40 Anti-tank Gun Team
Support Elements
MG 42 Bunker
Nebelwerfer 42 Rocket Launcher Team
Selects Defend the Fatherland
MG 42 Bunker
MG 42 Bunker
Construct Panzer Kompanie
Pak 40 Anti-tank Gun Team
Panzer IV Medium Tank
Medical Bunker
MG 42 Bunker
Selects King Tiger Heavy Tank
King Tiger Heavy Tank
Nebelwerfer 42 Rocket Launcher Team
Selects Interrogate
MG 42 Bunker
MG 42 Bunker
Selects Propaganda Leaflet Drop
Propaganda Leaflet Drop
Propaganda Leaflet Drop
Selects V1 Rocket Strike
MG 42 Bunker
MG 42 Bunker
Propaganda Leaflet Drop
Legionary
SingendeLeiche
Hostile
Ul`Man
mp5
Dawes
St Plz
Yami
0
0
Comments
sign in to comment!
No comments posted yet!